 Dungeon Crawl Stone Soup version 0.26.1-11-gd32895ea62 (webtiles) character file.

Game seed: 4001352452262734998

2174 dtburroughs the Fighter (level 9, -3/121 HPs)
             Began as a Minotaur Berserker on June 28, 2021.
             Was an Elder of Trog.
             Slain by a gnoll
             ... wielding a +0 halberd
              (5 damage)
             ... on level 6 of the Dungeon.
             The game lasted 00:07:50 (5888 turns).

dtburroughs the Fighter (Minotaur Berserker)        Turns: 5888, Time: 00:07:51

Health: -3/121     AC: 13    Str: 28    XL:     9   Next: 11%
Magic:  8/8        EV: 10    Int:  7    God:    Trog [****..]
Gold:   251        SH:  0    Dex: 10    Spells: 8/8 levels left

rFire    . . .     SeeInvis .   a - +0 hand axe
rCold    . . .     Faith    +   (no shield)
rNeg     . . .     Spirit   .   l - +0 plate armour
rPois    .         Reflect  .   (helmet restricted)
rElec    .         Harm     .   (no cloak)
rCorr    .         Rampage  .   (no gloves)
Will     ++...                  (no boots)
Stlth    ..........             k - amulet of faith
HPRegen  1.30/turn              r - +6 ring of strength
MPRegen  0.11/turn              (no ring)

@: berserking, regenerating, very quick
A: retaliatory headbutt, horns 2
a: Renounce Religion, Berserk, Trog's Hand, Brothers in Arms


You were on level 6 of the Dungeon.
You worshipped Trog.
Trog was greatly pleased with you.
You visited 1 branch of the dungeon, and saw 6 of its levels.

You collected 251 gold pieces.

Inventory:

Hand Weapons
 a - a +0 hand axe (weapon)
Armour
 l - a +0 plate armour (worn)
Jewellery
 k - an amulet of faith (around neck)
 r - a +6 ring of strength (left hand)
 t - an uncursed amulet of regeneration {unknown}
Wands
 p - a wand of flame (31)
Scrolls
 d - 2 scrolls of remove curse {unknown}
 e - a scroll of teleportation {unknown}
 g - 9 scrolls of identify {unknown}
 i - a scroll of fear {unknown}
 o - a scroll of noise {unknown}
 q - a scroll of enchant weapon {unknown}
 s - 2 scrolls of magic mapping {unknown}
Potions
 b - 3 potions of haste {unknown}
 c - a potion of ambrosia {unknown}
 f - a potion of might {unknown}
 h - 2 potions of flight {unknown}
 j - 4 potions of brilliance {unknown}
 m - a potion of curing {unknown}
 n - a potion of heal wounds {unknown}
 u - a potion of lignification {unknown}


   Skills:
 + Level 8.1 Fighting
 + Level 8.1 Axes
 + Level 7.6 Armour
 + Level 6.9 Dodging


You had 8 spell levels left.
You didn't know any spells.
Your spell library was empty.

Dungeon Overview and Level Annotations

Branches:
Dungeon (6/15)             Temple (0/1) D:5

Altars:
Ashenzari
Cheibriados
Fedhas
Nemelex Xobeh
Uskayaw


Innate Abilities, Weirdness & Mutations

You reflexively headbutt those who attack you in melee.
You have a pair of horns on your head.


Message History

You kill the gnoll!
Trog accepts your kill.
The gnoll hits you from afar with a +0 halberd.
* * * LOW HITPOINT WARNING * * *
An orc priest comes into view. It is wielding a +0 flail.
The orc priest shouts!
The gnoll hits you with a +2 halberd of distortion!
* * * LOW HITPOINT WARNING * * *
Space bends around you.
* * * LOW HITPOINT WARNING * * *
The gnoll hits you with a +0 halberd!
* * * LOW HITPOINT WARNING * * *
You slash the gnoll!
You kill the gnoll!
Trog accepts your kill.
You closely miss the gnoll. You slash the gnoll!
You kill the gnoll!
Trog accepts your kill.
You can now call in reinforcements.
The gnoll hits you with a +0 halberd.
You die...

.# .. .. # #.
#### ###
..##.###..##..##
..........$...o.
.........g......
........@)o...>.
.........).>....
...####<.###[###
. #..# # ..>..
...##++ ##.## ##


You could see 2 orc priests and a gnoll.

Vanquished Creatures
  Pikel (D:5)
  Grinder (D:3)
  Eustachio (D:4)
  Menkaure (D:6)
  2 ice beasts
  3 ogres
  A centaur (D:4)
  A lemure (D:5)
  3 scorpions
  A bullfrog zombie (D:5)
  A bullfrog skeleton (D:5)
  A jelly (D:5)
  2 orc priests (D:5)
  A hound (D:4)
  An iguana (D:6)
  5 worker ants
  4 orc wizards
  An adder (D:2)
  7 gnolls
  A shadow imp (D:5)
  3 white imps
  An ufetubus (D:5)
  An adder skeleton (D:4)
  An adder zombie (D:5)
  5 worms
  A dart slug (D:2)
  5 leopard geckos
  10 orcs
  A giant cockroach (D:2)
  7 goblins
  4 hobgoblins
  5 jackals
  3 quokkas
  3 ball pythons
  18 bats
  3 frilled lizards
  12 kobolds
  A leopard gecko skeleton (D:5)
  A leopard gecko zombie (D:5)
  7 rats
131 creatures vanquished.

Notes
Turn   | Place    | Note
-------+----------+-------------------------------------------
     0 | D:1      | dtburroughs the Minotaur Berserker began the quest for the
                  | Orb.
     0 | D:1      | Reached XP level 1. HP: 19/19 MP: 0/0
   178 | D:1      | Reached XP level 2. HP: 26/27 MP: 1/1
   444 | D:1      | Reached XP level 3. HP: 33/33 MP: 2/2
   961 | D:2      | Found a sparkling altar of Nemelex Xobeh.
  1015 | D:2      | Reached ** piety under Trog
  1482 | D:2      | Reached XP level 4. HP: 39/41 MP: 3/3
  1818 | D:2      | Found a hide-covered altar of Uskayaw.
  1818 | D:2      | Found a blossoming altar of Fedhas.
  1949 | D:3      | Noticed Grinder
  1955 | D:3      | Killed Grinder
  1956 | D:3      | Reached skill level 5 in Fighting
  1956 | D:3      | Reached skill level 5 in Axes
  1956 | D:3      | Reached XP level 5. HP: 47/48 MP: 4/4
  1956 | D:3      | Reached XP level 6. HP: 55/56 MP: 5/5
  2141 | D:3      | Found a sparkling altar of Nemelex Xobeh.
  2805 | D:4      | Noticed an ice beast
  2817 | D:4      | Killed an ice beast
  3215 | D:4      | Found a glowing drain.
  3278 | D:4      | Reached skill level 5 in Armour
  3278 | D:4      | Reached XP level 7. HP: 40/62 MP: 6/6
  3456 | D:4      | Reached *** piety under Trog
  3608 | D:4      | Found a snail-covered altar of Cheibriados.
  3639 | D:4      | Noticed Eustachio
  3667 | D:4      | Killed Eustachio
  3668 | D:4      | Reached skill level 5 in Dodging
  4750 | D:4      | Reached XP level 8. HP: 71/71 MP: 7/7
  4796 | D:5      | Entered Level 5 of the Dungeon
  4983 | D:5      | Found a broken altar of Ashenzari.
  4987 | D:5      | Found a staircase to the Ecumenical Temple.
  5182 | D:5      | Noticed Pikel
  5192 | D:5      | Killed Pikel
  5843 | D:6      | Noticed Menkaure
  5850 | D:5      | Reached XP level 9. HP: 81/81 MP: 8/8
  5883 | D:6      | Killed Menkaure
  5887 | D:6      | HP: 2/121 [gnoll/+0 halberd (8)]
  5888 | D:6      | Reached **** piety under Trog
  5888 | D:6      | Slain by a gnoll

Illustrated notes

Levels and vault maps discovered:
D:1:      dpeg_arrival_solitude, layout_loops_ring
D:2:      layout_loops_corners, lemuel_round_altar,
          gammafunk_temple_overflow_pools
D:3:      layout_basic, nemelex_lonely_heart_becter, uniq_grinder
D:4:      cheibrodos_barr_body, layout_basic, lemuel_round_altar,
          gup_sewer_entry_glass, corexii_item_surrounded_by_moat, st_stairs_1,
          minmay_tree_intersection, uniq_eustachio
D:5:      layout_loops_cross, ashenzari_altar_1, temple_statues,
          kennysheep_small_spiral, grunt_decor_clamped, uniq_pikel
D:6:      layout_gridville, kennysheep_generic_room_3, uniq_sigmund,
          uniq_prince_ribbit1, uniq_menkaure

Skill      XL: |  1  2  3  4  5  6  7  8  9 |
---------------+----------------------------+-----
Fighting       | 4 5 6 7 8 |  8.1
Axes           | 4 5 6 7 8 |  8.1
Armour         | 3 4 5 6 7 |  7.6
Dodging        | 3 4 5 6 |  6.9

Action                   |  1- 3 |  4- 6 |  7- 9 || total
-------------------------+-------+-------+-------++-------
Melee: Hand axe          |    81 |   109 |   144 ||   334
       Headbutt          |    14 |    16 |    43 ||    73
Invok: Berserk           |       |     1 |     2 ||     3
       Trog's Hand       |       |     1 |     3 ||     4
Armor: Animal skin       |    27 |     5 |       ||    32
       Chain mail        |       |    34 |       ||    34
       Plate armour      |       |    16 |    91 ||   107
Dodge: Dodged            |    75 |    55 |    67 ||   197
